AoeStats
← thomas89671173

Runestones

507915503Analyzed
1v1 RM · 12d ago on Sep 20, 2026· 33m 16s· 2 players
Game mode
Random Map
Map size
Tiny (2 player)
Population
200
Speed
Normal
Resources
Standard
Victory
Conquest
Starting age
Dark Age
Ending age
Imperial Age
RankedLock teamsTeams togetherTeam positionsShared explorationLock speedFull tech treeHidden civsTurbo modeCheats
Victory
Defeat
🇹🇼 Japanese · Taiwan
1232
+16
🇵🇪 Goths · Peru
1236
-16
thomas89671173
6:49 Loom
9:51 Feudal Age
12:45 Fletching
13:46 Horse Collar
21:21 Castle Age
21:04 Padded Archer Armor
21:24 Crossbowman
22:01 Bodkin Arrow
23:37 Double-Bit Axe
[Inkas'A] Q-NEO
5:09 Loom
9:59 Feudal Age
12:14 Double-Bit Axe
13:12 Horse Collar
15:15 Fletching
15:26 Padded Archer Armor
20:46 Gold Mining
20:49 Stone Mining
25:03 Castle Age
23:58 Scale Mail Armor
25:20 Elite Skirmisher
25:58 Bodkin Arrow
25:54 Town Watch
Connection lost

Rejoining the realm…

Still unreachable

The connection could not be restored.

Session expired

The server has moved on; the page needs a fresh start.